 Dungeon Crawl Stone Soup version 0.30-a0-778-g2ef04afb54 (webtiles) character file.

Game seed: 9228103276502652136

23545 funkygono the Thaumaturge (level 13, -2/68 HPs)
             Began as a Gargoyle Fire Elementalist on Feb 15, 2023.
             Was a High Priest of Vehumet.
             Engulfed by a cloud of flame (18 damage)
             ... on level 3 of the Lair of Beasts.
             The game lasted 00:25:25 (16191 turns).

funkygono the Thaumaturge (GrFE)                   Turns: 16191, Time: 00:25:26

Health: -2/68      AC: 20    Str: 12    XL:     13   Next: 7%
Magic:  29/29      EV: 13    Int: 21    God:    Vehumet [*****.]
Gold:   2471       SH:  0    Dex: 12    Spells: 16/37 levels left

rFire   . . .      SeeInvis +    a - +5 flail (protect)
rCold   . . .      Faith    .    (no shield)
rNeg    + . .      Spirit   .    p - +2 robe {Archmagi}
rPois   ∞          Reflect  .    i - +1 helmet
rElec   +          Harm     .    l - +2 cloak of Foloxic {rPois Dex+2 SInv Stlth+}
rCorr   .          Rampage  .    (no gloves)
Will    +....      Archmagi +    t - +1 pair of boots
Stlth   +++                      G - amulet of magic regeneration
HPRegen 0.31/turn                q - ring of flight
MPRegen 0.61/turn                E - ring of willpower

@: flying
A: sickness immunity, AC +9, negative energy resistance 1, electricity
resistance, torment resistance 1, petrification resistance
a: Renounce Religion


You were on level 3 of the Lair of Beasts.
You worshipped Vehumet.
Vehumet was extremely pleased with you.
You visited 3 branches of the dungeon, and saw 15 of its levels.
You also visited: Ossuary.

You collected 2471 gold pieces.

Inventory:

Hand Weapons
 a - a +5 flail of protection (weapon)
 f - a +1 whip
 s - a -1 demon whip of venom
Armour
 c - a +0 hat of see invisible
 i - a +1 helmet (worn)
 l - the +2 cloak of Foloxic (worn) {rPois Dex+2 SInv Stlth+}
   (You acquired it on level 4 of the Dungeon)

   Dex:       It affects your dexterity (+2).
   rPois:     It protects you from poison.
   SInv:      It lets you see invisible.
   Stlth:     It makes you more stealthy.
 n - a +2 robe of willpower
 p - a +2 robe of the Archmagi (worn)
 t - a +1 pair of boots (worn)
Magical Staves
 K - a staff of air
Jewellery
 q - a ring of flight (left hand)
 v - an amulet of faith
 E - a ring of willpower (right hand)
 G - an amulet of magic regeneration (around neck)
 J - a +5 ring of evasion
Wands
 d - a wand of mindburst (9)
 r - a wand of digging (5)
 A - a wand of flame (22)
 F - a wand of iceblast (7)
 H - a wand of acid (10)
Scrolls
 g - 11 scrolls of teleportation
 u - 3 scrolls of amnesia
 w - a scroll of fog
 x - a scroll of blinking {unknown}
 y - 3 scrolls of poison
 B - 2 scrolls of silence
 C - 2 scrolls of identify
 D - a scroll of enchant armour
 L - a scroll of magic mapping
Potions
 b - 2 potions of magic
 e - 3 potions of heal wounds
 h - 5 potions of might
 j - 6 potions of curing
 k - a potion of cancellation
 m - 7 potions of mutation
 o - 5 potions of haste
 z - 3 potions of brilliance
 M - 2 potions of flight
Miscellaneous
 I - a phial of floods


   Skills:
 + Level 2.6 Fighting
 + Level 3.1 Maces & Flails
 + Level 4.9 Dodging
 - Level 2.1 Stealth
 + Level 12.7 Spellcasting
 + Level 10.0 Conjurations
 + Level 1.1 Translocations
 + Level 11.4 Fire Magic
 + Level 1.3 Earth Magic
 + Level 5.2 Poison Magic


You had 16 spell levels left.
You knew the following spells:

 Your Spells              Type           Power      Damage    Failure   Level
a - Foxfire               Conj/Fire      100%       2x1d9     1%          1
b - Scorch                Fire           100%       2d10      1%          2
c - Kindle Blastsparks    Fire/Tloc/Air  92%        2d17      1%          3
d - Flame Wave            Conj/Fire      73%        2d16      1%          4
e - Olgreb's Toxic Radia  Pois           52%        N/A       1%          4
f - Stone Arrow           Conj/Erth      100%       3d13      1%          3
g - Iskenderun's Mystic   Conj/Tloc      53%        2d11      1%          4

Your spell library contained the following spells:

 Spells                   Type           Power      Damage    Failure   Level
 Sting                    Tmut/Pois      100%       1d8       1%          1
 Poisonous Vapours        Pois/Air       72%        N/A       1%          2
 Inner Flame              Hex/Fire       54%        N/A       1%          3
 Sticky Flame             Conj/Fire      73%        2d9       1%          4
 Beastly Appendage        Tmut           40%        N/A       4%          1
 Slow                     Hex            80%        N/A       4%          1
 Summon Small Mammal      Summ           80%        N/A       4%          1
 Spider Form              Tmut/Pois      36%        N/A       4%          3
 Irradiate                Conj/Tmut      25%        3d20      4%          5
 Wereblood                Tmut           20%        N/A       8%          2
 Portal Projectile        Hex/Tloc       46%        N/A       12%         3
 Call Canine Familiar     Summ           20%        N/A       14%         3
 Confusing Touch          Hex            20%        N/A       14%         3
 Ozocubu's Armour         Ice            20%        N/A       14%         3
 Summon Guardian Golem    Hex/Summ       20%        N/A       14%         3
 Tukima's Dance           Hex            20%        N/A       14%         3
 Vampiric Draining        Necr           20%        2d7       14%         3
 Petrify                  Tmut/Erth      24%        N/A       36%         4
 Blade Hands              Tmut           10%        N/A       80%         5
 Metabolic Englaciation   Hex/Ice        10%        N/A       80%         5
 Simulacrum               Ice/Necr       10%        N/A       100%        6
 Sublimation of Blood     Necr           Unusable   N/A       N/A         2

Dungeon Overview and Level Annotations

Branches:
Dungeon (11/15)            Temple (1/1) D:5            Lair (3/5) D:10
 Shoals (0/4) Lair:2        Snake (0/4) Lair:3          Orc (0/2) D:10
Ossuary (visited)

Altars:
Ashenzari
Cheibriados
Dithmenos
Elyvilon
Fedhas
Gozag
Hepliaklqana
Kikubaaqudgha
Makhleb
Nemelex Xobeh
Okawaru
Qazlal
Ru
Sif Muna
Trog
Uskayaw
Vehumet
Wu Jian
Xom
Yredelemnul
Zin
The Shining One

Shops:
D:4 =

Annotations:
Lair:2 exclusion: water nymph


Innate Abilities, Weirdness & Mutations

You are immune to sickness and miasma.
Your stone body is resilient. (AC +9)
You are immune to poison.
You resist negative energy. (rN+)
You are resistant to electric shocks. (rElec)
You are resistant to unholy torment.
You are immune to petrification.


Message History

The forest fire spreads! x3
The forest fire spreads! x7
The forest fire spreads! x3
The forest fire spreads! x2
The spriggan is engulfed in blazing flames. x2
The forest fire spreads! x6
The spriggan is engulfed in blazing flames.
You kill the spriggan!
Vehumet accepts your kill.
You feel your power returning.
The forest fire spreads! x4
The forest fire spreads! x3
The forest fire spreads! x4
The forest fire spreads! x2
You are engulfed in blazing flames.
The forest fire spreads! x2
You are engulfed in blazing flames.
You are engulfed in blazing flames.
The forest fire spreads! x2
You are engulfed in blazing flames.
The forest fire spreads!
You are engulfed in blazing flames.
* * * LOW HITPOINT WARNING * * *
The forest fire spreads! x2
The forest fire spreads! x3
You are engulfed in blazing flames.
* * * LOW HITPOINT WARNING * * *
A spriggan comes into view. It is wielding a +0 dagger.
The forest fire spreads! x3
You are engulfed in blazing flames.
The spriggan is engulfed in blazing flames.
You are engulfed in blazing flames.
* * * LOW HITPOINT WARNING * * *
The spriggan shouts!
You hear a shout!
You feel much better.
You are engulfed in blazing flames.
* * * LOW HITPOINT WARNING * * *
The forest fire spreads!
Unknown command.
Really fly into that cloud of spreading flames? [Y]es or [N]o only, please.
Really fly into that cloud of spreading flames?
Okay, then.
You are engulfed in blazing flames.
You die...

##.#....#.°..§ #
#..#..## °§..♣♣
..♣ # #P.###.#
.§.♣. ♣♣♣♣..♣ ##
##.##
##♣♣♣..i♣♣..♣..♣
#. #...#
#♣.☼○§§§§°....♣
## ##.##
#.☼§§§§○§§...♣
#.#
#§§§§§§○§§...♣
#.##
♣§§§°°§§§...♣
#..#
♣§§§§°°@§..♣♣ #
#.##
#.○§○○§§°☼☼.♣ #
#.##
#.§§°§§§§☼§.♣ #
##..#
#♣○§°§§§§§.♣♣ #
#..##
♣§♣°○○..○..♣ #
#P.#
♣♣♣...♣..♣♣.♣ #
##.### ♣♣..♣.♣♣
♣♣ # ##<#P###
♣♣.♣♣♣♣ #
#......# ♣.♣♣ #


You could see a spriggan.

Vanquished Creatures
  Gastronok (Lair:1)
  A boulder beetle (D:11)
  A two-headed ogre (D:11)
  Nergalle (D:11)
  Amaemon (Lair:1)
  A skyshark (Lair:2)
  A cyclops (D:8)
  A manticore (D:11)
  A water nymph (Lair:2)
  An orange demon (Lair:1)
  2 black mambas
  A gargoyle (D:11)
  A cane toad (Lair:3)
  Maggie (D:9)
  A rime drake (Lair:1)
  4 komodo dragons (Lair:3)
  A troll (D:11)
  A polar bear (Lair:3)
  A hornet (Lair:3)
  13 blink frogs
  Sigmund (D:3)
  5 spriggans (Lair:3)
  2 wyverns
  Eustachio (D:5)
  17 yaks
  A wraith (D:11)
  2 basilisks
  6 nagas (Lair:3)
  An acid dragon (D:11)
  7 water moccasins
  Duvessa (D:5)
  3 ice beasts
  2 orc warriors (D:10)
  5 black bears
  An ogre (D:7)
  10 wolves
  5 boggarts (Lair:3)
  A centaur (D:8)
  2 kobold brigands
  7 gnoll sergeants
  14 bullfrogs
  4 scorpions
  5 wights (D:9)
  Dowan (D:5)
  10 killer bees
  3 electric eels (D:7)
  7 howler monkeys
  5 hounds
  2 orc priests (D:9)
  2 jellies
  3 gnoll boudas (D:7)
  5 iguanas
  3 orc wizards
  7 hell rats (Lair:1)
  8 mummies (Ossuary)
  6 adders
  38 gnolls
  6 river rats (Lair:1)
  3 shadow imps (D:5)
  A white imp (D:8)
  4 ufetubi
  2 worms (D:2)
  A dart slug (D:3)
  7 orcs
  5 endoplasms
  6 giant cockroaches
  A gnoll zombie (Ossuary)
  4 goblins
  5 hobgoblins
  7 jackals
  19 kobolds
  A quokka (D:3)
  6 ball pythons
  3 bats
  5 frilled lizards
  2 goblin zombies (D:5)
  6 hobgoblin zombies
  3 kobold zombies
  An orc skeleton (D:5)
  4 orc zombies
  4 rats
345 creatures vanquished.

Vanquished Creatures (collateral kills)
  9 foxfires
9 creatures vanquished.

Vanquished Creatures (others)
  1250 foxfires
  30 fungi
  45 plants
1325 creatures vanquished.

Grand Total: 1679 creatures vanquished

Notes
Turn   | Place    | Note
-------+----------+-------------------------------------------
     0 | D:1      | funkygono the Gargoyle Fire Elementalist began the quest
                  | for the Orb.
     0 | D:1      | Reached XP level 1. HP: 10/10 MP: 3/3
   342 | D:1      | Reached XP level 2. HP: 15/15 MP: 3/5
   348 | D:1      | Learned a level 2 spell: Scorch
   460 | D:1      | Found a faded altar of an unknown god.
  1071 | D:2      | Reached XP level 3. HP: 15/19 MP: 0/6
  1075 | D:2      | Learned a level 3 spell: Kindle Blastsparks
  1364 | D:2      | You fall into a shaft and drop 1 floor!
  1956 | D:3      | Found an ancient bone altar of Kikubaaqudgha.
  2108 | D:3      | Reached XP level 4. HP: 24/24 MP: 4/7
  2539 | D:3      | Noticed Sigmund
  2650 | D:3      | Killed Sigmund
  2651 | D:3      | Reached skill level 3 in Spellcasting
  2651 | D:3      | Reached XP level 5. HP: 18/28 MP: 2/10
  2651 | D:3      | Reached XP level 6. HP: 21/33 MP: 2/11
  2831 | D:3      | Learned a level 4 spell: Flame Wave
  3033 | D:4      | Reached skill level 5 in Fire Magic
  3179 | D:4      | Found an opulent altar of Gozag.
  3435 | D:4      | Reached skill level 4 in Spellcasting
  3482 | D:4      | Reached XP level 7. HP: 37/37 MP: 8/13
  3739 | D:4      | Found Yheiju's Jewellery Shop.
  3933 | D:4      | Found a hide-covered altar of Uskayaw.
  4051 | D:4      | Identified a scroll of acquirement
  4051 | D:4      | Acquired the +2 cloak of Foloxic {rPois Dex+2 SInv Stlth+}
  4215 | D:5      | Entered Level 5 of the Dungeon
  4226 | D:5      | Reached skill level 1 in Fighting
  4302 | D:5      | Found a staircase to the Ecumenical Temple.
  4311 | Temple   | Entered the Ecumenical Temple
  4329 | Temple   | Became a worshipper of Vehumet
  4587 | D:5      | Noticed Duvessa
  4598 | D:5      | Killed Duvessa
  4615 | D:5      | Noticed Dowan
  4629 | D:5      | Killed Dowan
  4630 | D:5      | Reached skill level 5 in Spellcasting
  4715 | D:5      | Reached XP level 8. HP: 43/43 MP: 9/16
  4997 | D:5      | Found the +1 Delatra's gloves {ID++}
  4998 | D:5      | Found a glowing golden altar of the Shining One.
  5192 | D:5      | Noticed Eustachio
  5213 | D:5      | Killed Eustachio
  5214 | D:5      | Reached skill level 1 in Maces & Flails
  6313 | D:6      | Learned a level 4 spell: Olgreb's Toxic Radiance
  6319 | D:6      | Reached skill level 6 in Spellcasting
  7059 | D:6      | Acquired 1012 gold pieces
  7117 | D:7      | Reached * piety under Vehumet
  7117 | D:7      | Offered knowledge of Freeze by Vehumet.
  7237 | D:7      | Reached XP level 9. HP: 47/47 MP: 9/18
  7263 | D:7      | Reached skill level 5 in Conjurations
  7652 | D:7      | Offered knowledge of Momentum Strike by Vehumet.
  7653 | D:7      | Reached skill level 7 in Spellcasting
  7656 | D:7      | Reached ** piety under Vehumet
  8572 | D:7      | Offered knowledge of Dazzling Flash by Vehumet.
  8688 | D:7      | Reached skill level 8 in Spellcasting
  8932 | D:8      | Found a sand-covered staircase.
  8937 | D:8      | Reached XP level 10. HP: 53/53 MP: 20/22
  8944 | Ossuary  | Entered an ossuary
  9009 | Ossuary  | Reached *** piety under Vehumet
  9295 | D:8      | Found an iron altar of Okawaru.
  9297 | D:8      | Found a basalt altar of Yredelemnul.
  9693 | D:8      | Noticed a cyclops
  9713 | D:8      | Killed a cyclops
  9970 | D:8      | Found a shadowy altar of Dithmenos.
 10318 | D:9      | Offered knowledge of Stone Arrow by Vehumet.
 10775 | D:9      | Identified the +0 cloak "Ludghaa" {Str+4}
 10900 | D:9      | Learned a level 3 spell: Stone Arrow
 10983 | D:9      | Noticed Maggie
 10989 | D:9      | Killed Maggie
 10990 | D:9      | Reached skill level 9 in Spellcasting
 11460 | D:10     | Entered Level 10 of the Dungeon
 11591 | D:10     | Found a staircase to the Lair.
 11919 | D:10     | Found a staircase to the Orcish Mines.
 12125 | D:10     | Reached **** piety under Vehumet
 12378 | D:11     | Noticed a manticore
 12385 | D:11     | Killed a manticore
 12385 | D:11     | Offered knowledge of Hailstorm by Vehumet.
 12386 | D:11     | Reached skill level 1 in Poison Magic
 12386 | D:11     | Reached XP level 11. HP: 45/57 MP: 16/24
 12571 | D:11     | Reached skill level 10 in Fire Magic
 12674 | D:11     | Noticed Nergalle
 12686 | D:11     | Killed Nergalle
 12687 | D:11     | Reached skill level 10 in Spellcasting
 12796 | D:11     | Noticed a boulder beetle
 12807 | D:11     | Killed a boulder beetle
 12930 | D:11     | Noticed a two-headed ogre
 12937 | D:11     | Killed a two-headed ogre
 13147 | Lair:1   | Entered Level 1 of the Lair of Beasts
 13173 | Lair:1   | Noticed Gastronok
 13184 | Lair:1   | Killed Gastronok
 13207 | Lair:1   | Noticed Amaemon
 13218 | Lair:1   | Killed Amaemon
 13495 | Lair:1   | Reached skill level 11 in Spellcasting
 13499 | Lair:1   | Reached XP level 12. HP: 58/62 MP: 19/27
 14135 | Lair:2   | Found a staircase to the Shoals.
 14373 | Lair:2   | Reached skill level 12 in Spellcasting
 14993 | Lair:3   | Reached skill level 5 in Poison Magic
 15179 | Lair:3   | Reached ***** piety under Vehumet
 15611 | Lair:3   | Found a staircase to the Snake Pit.
 15665 | Lair:3   | Offered knowledge of Iskenderun's Mystic Blast by Vehumet.
 15666 | Lair:3   | Reached skill level 1 in Earth Magic
 15666 | Lair:3   | Reached XP level 13. HP: 68/68 MP: 29/29
 15671 | Lair:3   | Learned a level 4 spell: Iskenderun's Mystic Blast
 15770 | Lair:3   | Reached skill level 1 in Translocations
 16160 | Lair:3   | Reached skill level 10 in Conjurations
 16191 | Lair:3   | Engulfed by a cloud of flame

Illustrated notes

Levels and vault maps discovered:
D:1:      lemuel_arrival_river_ford, layout_loops_cross,
          shapermc_ecumenical_altar_flowoftime, minmay_crystal_room
D:2:      layout_loops_cross
D:3:      layout_rooms, lemuel_tele_altar, uniq_sigmund
D:4:      layout_cave_pods, nicolae_gozag_seed_capital,
          lemuel_coloured_pillars_altar, serial_shops, shop_fountains,
          wad_rectangle_vault
D:5:      layout_layer_cave, nicolae_tso_besieged_by_evil,
          minmay_temple_entry_statues_pillars, uniq_eustachio, uniq_duvessa
D:6:      layout_loops_ring, grunt_ministairs_1, chequers_serial_rivers_room_a,
          minmay_door_square
D:7:      layout_cave_pools, serial_gnoll_camp, gnoll_camp_mini_hut,
          gnoll_camp_huts_moat, gnoll_camp_mini_hut, gnoll_camp_mini_house,
          gnoll_camp_mini_loothouse
D:8:      layout_loops_ring, gammafunk_temple_overflow_forgotten,
          nicolae_ossuary_entry_monument, nicolae_straight_to_the_point
D:9:      layout_basic, nrook_pool_corridor, uniq_maggie
D:10:     layout_small_grid, grunt_lair_entry_orc_guard_hut
D:11:     layout_roguey, uniq_nergalle
Temple:   bh_familiar_temple
Lair:1:   layout_loops_ring, kennysheep_rathole, uniq_gastronok, uniq_amaemon
Lair:2:   layout_chaotic_city, nicolae_shoals_entry_flooding
Lair:3:   kb_forest_paths, layout_loops_ring,
          minmay_snake_entry_guardpost_medium, gauntlet_entry_generic,
          kilobyte_rumbling_trees

Skill      XL: |  1  2  3  4  5  6  7  8  9 10 11 12 13 |
---------------+----------------------------------------+-----
Dodging        | 2 3 4 |  4.9
Fire Magic     | 4 5 7 8 9 10 11 | 11.4
Spellcasting   | 3 4 5 6 8 9 11 12 | 12.7
Conjurations   | 2 3 4 6 7 8 9 10 | 10.0
Fighting       | 1 2 |  2.6
Maces & Flails | 1 3 |  3.1
Poison Magic   | 1 4 5 |  5.2
Earth Magic    | 1 |  1.3
Translocations | 1 |  1.1
Stealth        | |  2.1

Action                     |  1- 3 |  4- 6 |  7- 9 | 10-12 | 13-15 || total
---------------------------+-------+-------+-------+-------+-------++-------
  Melee: Unarmed           |     2 |       |       |       |       ||     2
         Whip              |    16 |    14 |    14 |       |       ||    44
         Flail             |       |       |     3 |    48 |     6 ||    57
   Cast: Foxfire           |    60 |    65 |   283 |   283 |    31 ||   722
         Scorch            |     4 |     2 |    42 |    53 |     4 ||   105
         Olgreb's Toxic Ra |       |       |       |    36 |       ||    36
         Flame Wave        |       |       |       |    29 |     5 ||    34
         Stone Arrow       |       |       |       |    28 |       ||    28
         Iskenderun's Myst |       |       |       |       |     1 ||     1
  Evoke: Wand              |       |       |       |     1 |       ||     1
    Use: Scroll            |       |     5 |    12 |    13 |       ||    30
         Potion            |       |       |     1 |       |     1 ||     2
   Stab: Sleeping          |       |       |       |     1 |       ||     1
 Armour: Robe              |     2 |    10 |    65 |    73 |    26 ||   176
  Dodge: Dodged            |    12 |    23 |    73 |   126 |    22 ||   256

Table legend: (Time is in decaauts)
 A = Elapsed time spent in this place.
 B = Non-inter-level travel time spent in this place.
 C = Inter-level travel time spent in this place.
 D = Time resting spent in this place.
 E = Time spent auto-exploring this place.
 F = Levels seen in this place.
 G = Mean time per level.
                   A        B        C        D        E       F      G
               +--------+--------+--------+--------+--------+-----+--------+
         Total |  16219 |  15840 |    379 |    630 |  12503 |  16 | 1013.7 |
       Dungeon |  12681 |  12370 |    311 |    326 |  10298 |  11 | 1152.8 |
        Temple |    182 |    162 |     20 |      0 |    157 |   1 |  182.0 |
          Lair |   3054 |   3007 |     47 |    282 |   1875 |   3 | 1018.0 |
       Ossuary |    300 |    300 |      0 |     22 |    173 |   1 |  300.0 |
               +--------+--------+--------+--------+--------+-----+--------+

Top non-repeatable levels by time:
     D:5: 1879 daAuts
     D:7: 1624 daAuts
  Lair:3: 1423 daAuts
     D:4: 1371 daAuts
     D:9: 1164 daAuts
     D:8: 1156 daAuts
     D:3: 1073 daAuts
     D:1: 1056 daAuts
  Lair:1: 989 daAuts
     D:6: 939 daAuts
    D:11: 872 daAuts
    D:10: 822 daAuts
     D:2: 719 daAuts
  Lair:2: 641 daAuts
 Ossuary: 300 daAuts
